 Dungeon Crawl Stone Soup version 0.30.0-5-g1a98f26d00 (webtiles) character file.

Game seed: 12110656409737312160

47 freelancePsychic the Conjurer (level 3, 26/26 HPs)
             Began as a Demonspawn Conjurer on May 8, 2023.
             Was an Initiate of Kikubaaqudgha.
             Quit the game on level 2 of the Dungeon.
             The game lasted 00:03:15 (1176 turns).

freelancePsychic the Conjurer (Demonspawn Conjurer) Turns: 1176, Time: 00:03:15

Health: 26/26      AC:  2    Str:  7    XL:     3   Next: 48%
Magic:  6/6        EV: 12    Int: 21    God:    Kikubaaqudgha [......]
Gold:   44         SH:  0    Dex: 11    Spells: 3/6 levels left

rFire   . . .        f - +0 falchion
rCold   . . .        (no shield)
rNeg    . . .        a - +0 robe
rPois   .            (helmet restricted)
rElec   .            (no cloak)
rCorr   .            (no gloves)
SInv    .            (no boots)
Will    .....        (no amulet)
Stlth   ++           (no ring)
HPRegen 0.24/turn    (no ring)
MPRegen 0.10/turn

%: no passive effects
@: no status effects
A: horns 2
a: Renounce Religion


You were on level 2 of the Dungeon.
You worshipped Kikubaaqudgha.
Kikubaaqudgha was noncommittal.
You visited 1 branch of the dungeon, and saw 2 of its levels.

You collected 142 gold pieces.
You spent 98 gold pieces at shops.

Inventory:

Hand Weapons
 f - a +0 falchion (weapon)
Armour
 a - a +0 robe (worn)
Scrolls
 d - 2 scrolls of noise {unknown}
 g - a scroll of enchant armour {unknown}
 j - 2 scrolls of fear
 l - a scroll of amnesia {unknown}
 m - a scroll of identify {unknown}
 n - a scroll of teleportation {@r4}
Potions
 b - a potion of magic
 c - a potion of flight {unknown}
 e - 2 potions of lignification {unknown}
 h - a potion of brilliance {unknown}
 i - 3 potions of curing {unknown}
 k - a potion of attraction {unknown}


   Skills:
 + Level 1.1 Fighting
 - Level 1.7 Dodging
 - Level 2.7 Stealth
 - Level 2.0 Spellcasting
 - Level 4.5 Conjurations
 * Level 0.0 Necromancy


You had 3 spell levels left.
You knew the following spells:

 Your Spells              Type           Power      Damage    Failure   Level
a - Magic Dart            Conj           84%        1d7       2%          1
b - Searing Ray           Conj           42%        2d6       3%          2

Your spell library contained the following spells:

 Spells                   Type           Power      Damage    Failure   Level
 Dazzling Flash           Conj/Hex       22%        N/A       17%         3
 Fulminant Prism          Conj/Hex       5%         3d6       50%         4
 Iskenderun's Mystic Bla  Conj/Tloc      11%        2d4       50%         4


Dungeon Overview and Level Annotations

Branches:
Dungeon (2/15)

Altars:
Kikubaaqudgha

Shops:
D:2 ?


Innate Abilities, Weirdness & Mutations

You have a pair of horns on your head.


Message History

The worm is severely wounded.
The rat misses you. The worm closely misses you. The rat barely misses you.
You hit the worm. You headbutt the worm.
The worm is almost dead.
The rat misses you. The worm closely misses you.
You slash the worm!
You kill the worm!
The rat completely misses you. The ball python closely misses you.
The ball python grabs you. The ball python constricts you.
You hit the ball python.
You kill the ball python!
The rat bites you. x2
You barely miss the rat. The rat closely misses you.
You slash the rat!
You kill the rat!
You open the door.
A giant cockroach comes into view.
Found a stone staircase leading down.
There is an open door here.
A giant cockroach is nearby!
Found an ancient bone altar of Kikubaaqudgha.
The searing ray hits the giant cockroach.
The giant cockroach is almost dead. (Press . to maintain the ray.)
The searing ray hits the giant cockroach!
You kill the giant cockroach!
Found an emerald potion.
There is an ancient bone altar of Kikubaaqudgha here.
You kneel at the altar of Kikubaaqudgha.
Kikubaaqudgha welcomes you!
Unknown command.
Press < or > to pray at altars.
Unknown command.
Okay, then.
i - 3 emerald potions (gained 1)
You now have 44 gold pieces (gained 15).
Found a ring mail.
A goblin comes into view. It is wielding a +0 club.
A goblin is nearby!
Are you sure you want to abandon this character and quit the game? (Confirm with "yes".)

#.(##.....# ##.##....## #..
#.......# #.g ###.∩...# #.[
###..## #.# ##..# #.# ####
#####.# #.##...##
###..†..#######...P♣..#
......†..'...##.@.....P. #
.........##..##....♣♣P.P.##
.........##.†...PP♣♣ ..#
.........##..>.P.♣.♣ ♣♣♣P.#
....##.####........♣♣♣P.P.#
...# #. #.........P.♣.P.P#
... ... #.......#..P♣♣..##
##.##.._..#.##.P♣.P##
#........#.......##


You could see a goblin (asleep).

Vanquished Creatures
  An adder (D:2)
  A worm (D:2)
  A dart slug (D:1)
  4 ball pythons
  2 bats
  3 endoplasms
  A giant cockroach (D:2)
  4 goblins
  2 hobgoblins (D:1)
  3 jackals (D:1)
  5 frilled lizards
  2 kobolds (D:1)
  2 rats
31 creatures vanquished.

Notes
Turn   | Place    | Note
-------+----------+-------------------------------------------
     0 | D:1      | freelancePsychic the Demonspawn Conjurer began the quest
                  | for the Orb.
     0 | D:1      | Reached XP level 1. HP: 13/13 MP: 3/3
   290 | D:1      | Gained mutation: You have a pair of small horns on your
                  | head. [demonic ancestry]
   290 | D:1      | Reached XP level 2. HP: 20/20 MP: 3/5
   731 | D:2      | Reached skill level 1 in Fighting
   731 | D:2      | Gained mutation: You have a pair of horns on your head.
                  | [demonic ancestry]
   731 | D:2      | Reached XP level 3. HP: 17/26 MP: 0/6
   805 | D:2      | Learned a level 2 spell: Searing Ray
  1053 | D:2      | Found Asorovuc's Magic Scroll Shoppe.
  1060 | D:2      | Bought a scroll of teleportation for 42 gold pieces
  1060 | D:2      | Bought a scroll of fear for 56 gold pieces
  1113 | D:2      | Found an ancient bone altar of Kikubaaqudgha.
  1123 | D:2      | Became a worshipper of Kikubaaqudgha
  1176 | D:2      | Quit the game

Illustrated notes

Levels and vault maps discovered:
D:1:      dpeg_arrival_water_fire, layout_loops_ring, minmay_bisected
D:2:      layout_basic, serial_shops, shop, serial_forest,
          infiniplex_forest_clump_long, infiniplex_forest_lined_room_2,
          infiniplex_forest_clump_curved, infiniplex_forest_end_3,
          infiniplex_forest_lined_3_way, infiniplex_forest_clump_long,
          infiniplex_forest_lined_3, infiniplex_forest_clump_cross,
          infiniplex_forest_lined_2, infiniplex_forest_straight_4, basic_altar

Skill      XL: |  1  2 |
---------------+-------+-----
Stealth        | 2 |  2.7
Fighting       | 1 |  1.1
Dodging        | |  1.7
Spellcasting   | |  2.0
Conjurations   | |  4.5

Action                     || total
---------------------------++-------
  Melee: Falchion          ||    32
         Headbutt          ||     5
   Cast: Magic Dart        ||    35
         Searing Ray       ||     6
    Use: Scroll            ||     1
 Armour: Robe              ||     7
  Dodge: Dodged            ||    30
